 Dungeon Crawl Stone Soup version 0.28-a0-535-g6f645e4c1d (webtiles) character file.

Game seed: 8164256347844465008

15866 pokeman the Eclecticist (level 12, -4/66 HPs)
             Began as a Deep Elf Hedge Wizard on Sept 25, 2021.
             Was a Priest of Vehumet.
             Killed from afar by a gargoyle (12 damage)
             ... with a stone arrow
             ... on level 12 of the Dungeon on Sept 26, 2021.
             The game lasted 00:58:05 (16893 turns).

pokeman the Eclecticist (Deep Elf Hedge Wizard)    Turns: 16893, Time: 00:58:06

Health: -4/66      AC: 19    Str:  7    XL:     12   Next: 5%
Magic:  30/31      EV: 11    Int: 25    God:    Vehumet [***...]
Gold:   761        SH:  0    Dex: 14    Spells: 32/44 levels left

rFire   + . .      SeeInvis .   x - +1 whip (venom)
rCold   + . .      Faith    .   (no shield)
rNeg    . . .      Spirit   .   u - +0 acid dragon scales
rPois   +          Reflect  .   c - +0 hat
rElec   +          Harm     .   U - +2 cloak
rCorr   +          Rampage  .   A - +0 pair of gloves
Will    +....                   (no boots)
Stlth   ++........              R - amulet of magic regeneration
HPRegen 0.21/turn               i - +4 ring of protection
MPRegen 0.47/turn               G - +4 ring of protection

@: resistant
A: low mp 1, wild magic 1
a: Renounce Religion


You were on level 12 of the Dungeon.
You worshipped Vehumet.
Vehumet was most pleased with you.
You visited 2 branches of the dungeon, and saw 14 of its levels.
You also visited: Ossuary.

You collected 761 gold pieces.

Inventory:

Hand Weapons
 k - a +3 quarterstaff of chaos
 l - a +1 long sword of electrocution
 x - a +1 whip of venom (weapon)
 K - a +0 shortbow of chaos
Missiles
 d - 262 arrows
 p - 37 bolts
 s - 6 throwing nets
 M - 6 curare-tipped darts
Armour
 c - a +0 hat (worn)
 o - a +0 kite shield
 u - +0 acid dragon scales (worn)
 A - a +0 pair of gloves (worn)
 L - +0 steam dragon scales
 U - a +2 cloak (worn)
Jewellery
 i - a +4 ring of protection (left hand)
 t - a ring of resist corrosion
 w - an amulet of regeneration
 G - a +4 ring of protection (right hand)
 H - a ring of willpower
 O - a ring of willpower
 R - an amulet of magic regeneration (around neck)
 S - a +4 ring of evasion
 V - a +6 ring of dexterity
Wands
 j - a wand of charming (10)
 I - a wand of digging (7)
 J - a wand of iceblast (5)
 W - a wand of flame (7)
Scrolls
 b - 2 scrolls of immolation
 e - 7 scrolls of identify
 f - a scroll of fog
 g - 2 scrolls of blinking {unknown}
 m - 5 scrolls of enchant armour
 r - 5 scrolls of amnesia {unknown}
 v - 4 scrolls of noise {unknown}
 y - 3 scrolls of teleportation {unknown}
 z - 2 scrolls of silence {unknown}
 B - 2 scrolls of vulnerability {unknown}
 C - a scroll of fear {unknown}
 N - 2 scrolls of enchant weapon {unknown}
Potions
 h - a potion of mutation
 n - a potion of resistance
 q - 4 potions of curing
 D - a potion of haste {unknown}
 E - 3 potions of invisibility {unknown}
 F - a potion of flight {unknown}
 P - 2 potions of degeneration {unknown}
 Q - a potion of attraction {unknown}
 T - 2 potions of heal wounds {unknown}


   Skills:
 + Level 4.3 Fighting
 - Level 5.0 Armour
 - Level 3.0 Dodging
 - Level 3.0 Stealth
 - Level 2.0 Shields
 * Level 16.5 Spellcasting
 + Level 9.8 Conjurations
 - Level 7.0 Summonings
 - Level 1.1 Translocations
 + Level 6.0 Fire Magic
 - Level 1.0 Air Magic
 - Level 1.0 Poison Magic
 - Level 1.1 Evocations


You had 32 spell levels left.
You knew the following spells:

 Your Spells              Type           Power      Damage    Failure   Level
a - Magic Dart            Conj           100%       1d8       1%          1
b - Mephitic Cloud        Conj/Pois/Air  51%        N/A       1%          3
c - Call Imp              Summ           64%        N/A       1%          2
d - Blink                 Tloc           N/A        N/A       7%          2
e - Conjure Flame         Conj/Fire      68%        6-21      1%          3
f - Shock                 Conj/Air       100%       1d9       1%          1

Your spell library contained the following spells:

 Spells                   Type           Power      Damage    Failure   Level
 Airstrike                Air            16%        N/A       11%         4
 Call Canine Familiar     Summ           64%        N/A       1%          3
 Sticky Flame             Conj/Fire      68%        2d8       1%          4
 Ignite Poison            Fire/Tmut/Pois 42%        N/A       2%          3
 Ensorcelled Hibernation  Hex/Ice        52%        N/A       11%         2
 Slow                     Hex            26%        N/A       11%         2
 Gell's Gravitas          Tloc           17%        N/A       13%         3
 Lesser Beckoning         Tloc           34%        N/A       13%         3
 Teleport Other           Tloc           34%        N/A       13%         3
 Portal Projectile        Hex/Tloc       60%        N/A       16%         3
 Tukima's Dance           Hex            26%        N/A       19%         3
 Summon Forest            Summ/Tloc      26%        N/A       30%         5
 Leda's Liquefaction      Hex/Erth       13%        N/A       50%         4
 Eringya's Noxious Bog    Tmut/Pois      15%        N/A       82%         6
 Summon Hydra             Summ           32%        N/A       95%         7
 Dispersal                Tloc           17%        N/A       99%         6


Dungeon Overview and Level Annotations

Branches:
Dungeon (13/15)            Temple (1/1) D:6            Lair (0/6) D:9
    Orc (0/2) D:11        Ossuary (visited)
 Vaults: D:13-14

Altars:
Cheibriados
Dithmenos
Elyvilon
Fedhas
Hepliaklqana
Makhleb
Okawaru
Qazlal
Ru
Sif Muna
Trog
Uskayaw
Vehumet
Wu Jian
Yredelemnul
Zin
The Shining One

Shops:
D:13 =

Portals:
Trove: D:11 (give +3 storm dragon scales)


Innate Abilities, Weirdness & Mutations

Your magical capacity is low. (-10% MP)
Your spells are a little harder to cast, but a little more powerful.


Message History

The creatures around you are filled with an inner flame!
It was a scroll of immolation.
Something hits you but does no damage.
Flame seeps out of something.
Something hits you.
* * * LOW HITPOINT WARNING * * *
Okay, then.
Unknown command.
It was a potion of mutation.
You feel extremely strange.
You feel less in control of your magic.
You feel less energetic. Something hits you but does no damage.
It was a potion of resistance.
You feel protected.
The gargoyle hurls a stone arrow at you.
The stone arrow misses you.
The gnoll sergeant is engulfed in noxious fumes.
Flame seeps out of the gnoll sergeant.
The gargoyle hurls a stone arrow at you.
The stone arrow misses you.
The gnoll is engulfed in noxious fumes.
The gnoll appears confused.
As you read the scroll labelled ILUIR VE GIUR, it crumbles to dust.
The scroll dissolves into smoke.
It was a scroll of fog.
Something hits you but does no damage.
As you read the scroll labelled YDUCAU YTTAEQ, it crumbles to dust.
It is a scroll of identify.
m - 5 scrolls of enchant armour Something hits the gnoll sergeant!
Flame seeps out of the gnoll sergeant.
Something hits you but does no damage.
The gnoll sergeant hits you but does no damage.
Casting: Mephitic Cloud (safe; 1% risk of failure)
Confirm with . or Enter, or press ? or * to list all spells.
Aiming: Shock (safe; 1% risk of failure)
Press: ? - help, Shift-Dir - straight line, f - gnoll sergeant
Aim: a gnoll sergeant, wielding a +2 vorpal spear and wearing a +0 ring mail (purple smoke, heavily wounded, inner flame, 81% to hit)
The zap hits the gnoll sergeant.
Flame seeps out of the gnoll sergeant.
The gnoll sergeant is severely wounded.
Something hits you.
* * * LOW HITPOINT WARNING * * *
Something hits the gargoyle.
Flame seeps out of the gargoyle.
The gargoyle hurls a stone arrow at you.
The stone arrow hits you!
You die...

....... ..........
### ##..#......
##.###..##......
###§...#..##......
#@§9...........B.C
#§{g§..##.........
##§§.9.##.....##..
##...g#....#..#..
#....B...##.....
#...#g#.#.......
#..## #.#....Y..
#... ...g......
#...##..........


You could see a gargoyle (inner flame) and a gnoll sergeant (inner flame).

Vanquished Creatures
  Harold (D:10)
  A two-headed ogre (D:10)
  6 death yaks
  Nergalle (D:11)
  A cyclops (D:10)
  2 manticores (D:11)
  A komodo dragon (D:9)
  2 trolls
  Prince Ribbit (D:6)
  2 hornets
  Sigmund (D:5)
  2 shadows (D:10)
  4 wraiths
  A wyvern (D:10)
  Eustachio (D:6)
  4 yaks (D:12)
  2 steam dragons
  2 acid dragons
  3 water moccasins
  An ice beast (D:5)
  A black bear (D:6)
  9 orc warriors
  2 sky beasts
  An ogre (D:6)
  6 centaurs
  2 kobold brigands (D:8)
  An elf zombie (Ossuary)
  3 bullfrogs
  A gnoll sergeant (D:4)
  A scorpion (D:4)
  11 killer bees
  3 electric eels (D:10)
  5 wights (D:8)
  A howler monkey (D:5)
  4 centaur zombies
  8 orc priests
  Crazy Yiuf (D:2)
  2 bullfrog zombies
  2 hounds
  A bullfrog skeleton (D:4)
  2 human zombies (Ossuary)
  2 centaur skeletons (D:4)
  Terence (D:2)
  19 orc wizards
  5 iguanas
  A hound zombie (Ossuary)
  3 mummies (Ossuary)
  12 gnolls
  6 adders
  2 ufetubi
  4 adder zombies (Ossuary)
  3 adder skeletons
  A dart slug (D:1)
  39 orcs
  6 endoplasms
  3 giant cockroaches
  4 gnoll zombies (Ossuary)
  6 goblins
  8 hobgoblins
  A jackal (D:1)
  3 quokkas
  8 ball pythons
  8 bats
  9 frilled lizards
  A goblin zombie (Ossuary)
  5 hobgoblin zombies (Ossuary)
  4 jackal zombies (Ossuary)
  21 kobolds
  7 kobold zombies (Ossuary)
  4 orc zombies (Ossuary)
  A quokka zombie (Ossuary)
  4 rats
  A rat zombie (Ossuary)
308 creatures vanquished.

Vanquished Creatures (others)
  2 electric eels
  17 plants
19 creatures vanquished.

Grand Total: 327 creatures vanquished

Notes
Turn   | Place    | Note
-------+----------+-------------------------------------------
     0 | D:1      | pokeman the Deep Elf Hedge Wizard began the quest for the
                  | Orb.
     0 | D:1      | Reached XP level 1. HP: 10/10 MP: 7/7
   417 | D:1      | Reached XP level 2. HP: 13/16 MP: 1/9
  1225 | D:2      | Reached skill level 5 in Spellcasting
  1232 | D:2      | Reached XP level 3. HP: 20/20 MP: 2/11
  1242 | D:1      | Learned a level 3 spell: Mephitic Cloud
  1245 | D:1      | Learned a level 2 spell: Call Imp
  1248 | D:1      | Learned a level 2 spell: Blink
  1252 | D:1      | Learned a level 3 spell: Conjure Flame
  1345 | D:2      | Noticed Terence
  1389 | D:2      | Killed Terence
  1390 | D:2      | Reached skill level 1 in Fighting
  1390 | D:2      | Reached skill level 1 in Armour
  1657 | D:2      | Reached XP level 4. HP: 25/25 MP: 5/13
  2105 | D:2      | Found a runed translucent door.
  2106 | D:2      | Noticed Crazy Yiuf
  2144 | D:2      | Killed Crazy Yiuf
  2145 | D:2      | Reached skill level 1 in Fire Magic
  2694 | D:3      | Reached skill level 6 in Spellcasting
  2694 | D:3      | Reached XP level 5. HP: 29/29 MP: 4/15
  2710 | D:3      | Reached skill level 1 in Air Magic
  3032 | D:3      | Found an ornate altar of the Wu Jian Council.
  3155 | D:3      | Reached XP level 6. HP: 18/34 MP: 5/17
  3925 | D:4      | Reached skill level 1 in Poison Magic
  4034 | D:4      | Reached skill level 7 in Spellcasting
  4034 | D:4      | Reached skill level 1 in Evocations
  4308 | D:4      | Found a blossoming altar of Fedhas.
  4426 | D:4      | Found an iron altar of Okawaru.
  4484 | D:4      | Reached XP level 7. HP: 28/38 MP: 13/20
  4772 | D:4      | Reached skill level 8 in Spellcasting
  5375 | D:4      | Found a hazy altar of Hepliaklqana.
  5767 | D:5      | Entered Level 5 of the Dungeon
  6291 | D:5      | Noticed Sigmund
  6300 | D:5      | Killed Sigmund
  6301 | D:5      | Reached skill level 9 in Spellcasting
  6301 | D:5      | Reached XP level 8. HP: 44/44 MP: 20/23
  6526 | D:5      | Found a glowing silver altar of Zin.
  7080 | D:6      | Reached skill level 1 in Shields
  7080 | D:6      | Reached skill level 5 in Conjurations
  7107 | D:6      | Found a staircase to the Ecumenical Temple.
  7117 | Temple   | Entered the Ecumenical Temple
  7132 | Temple   | Became a worshipper of Vehumet
  7185 | D:6      | Found a stormy altar of Qazlal.
  7222 | D:6      | Found a sand-covered staircase.
  7231 | Ossuary  | Entered an ossuary
  7538 | Ossuary  | Reached * piety under Vehumet
  7538 | Ossuary  | Offered knowledge of Shock by Vehumet.
  7541 | Ossuary  | Learned a level 1 spell: Shock
  7557 | Ossuary  | Reached skill level 10 in Spellcasting
  8238 | D:6      | Noticed Prince Ribbit
  8251 | D:6      | Killed Prince Ribbit
  8434 | D:6      | Reached XP level 9. HP: 48/48 MP: 23/25
  8877 | D:6      | Noticed Eustachio
  8888 | D:6      | Killed Eustachio
  8891 | D:6      | Reached skill level 11 in Spellcasting
  9887 | D:7      | Found a shadowy altar of Dithmenos.
  9909 | D:7      | Found a bloodstained altar of Trog.
 10193 | D:7      | Found a sacrificial altar of Ru.
 10261 | D:7      | Reached skill level 12 in Spellcasting
 11144 | D:8      | Reached ** piety under Vehumet
 11144 | D:8      | Offered knowledge of Static Discharge by Vehumet.
 12185 | D:9      | Noticed a death yak
 12193 | D:9      | Noticed a death yak
 12194 | D:9      | Noticed a death yak
 12197 | D:9      | Noticed a death yak
 12198 | D:9      | Noticed a death yak
 12199 | D:9      | Killed a death yak
 12200 | D:9      | Reached XP level 10. HP: 52/54 MP: 26/28
 12200 | D:9      | Noticed a death yak
 12248 | D:9      | Found a staircase to the Lair.
 12306 | D:8      | Killed a death yak
 12307 | D:8      | Reached skill level 13 in Spellcasting
 12307 | D:8      | Reached skill level 5 in Fire Magic
 12443 | D:8      | Killed a death yak
 12450 | D:8      | Killed a death yak
 12451 | D:8      | Reached skill level 5 in Summonings
 12525 | D:8      | Killed a death yak
 12526 | D:8      | Reached skill level 14 in Spellcasting
 12684 | D:9      | Killed a death yak
 12743 | D:9      | Found a shimmering blue altar of Sif Muna.
 12829 | D:9      | Reached XP level 11. HP: 61/61 MP: 25/31
 13048 | D:9      | Found a glowing golden altar of the Shining One.
 13074 | D:9      | You fall into a shaft and drop 2 floors!
 13100 | D:10     | Entered Level 10 of the Dungeon
 13213 | D:9      | Offered knowledge of Dazzling Flash by Vehumet.
 13465 | D:9      | Upgraded the game from 0.28-a0-533-g9f97627e2a to
                  | 0.28-a0-535-g6f645e4c1d
 13932 | D:10     | Reached *** piety under Vehumet
 13982 | D:10     | Noticed a two-headed ogre
 13991 | D:10     | Killed a two-headed ogre
 14017 | D:10     | Reached skill level 15 in Spellcasting
 14023 | D:10     | Found a basalt altar of Yredelemnul.
 14030 | D:10     | Noticed Harold
 14044 | D:10     | Killed Harold
 14593 | D:10     | Found a snail-covered altar of Cheibriados.
 14747 | D:10     | You fall into a shaft and drop 3 floors!
 14747 | D:13     | Found Avassok's Jewellery Shoppe.
 14777 | D:11     | Noticed Nergalle
 15337 | D:11     | Offered knowledge of Airstrike by Vehumet.
 15418 | D:11     | Reached skill level 16 in Spellcasting
 15457 | D:11     | Noticed a spectral orc warlord
 15479 | D:11     | Killed Nergalle
 15480 | D:11     | Reached skill level 5 in Armour
 15918 | D:11     | Found a portal to a secret trove of treasure.
 16466 | D:11     | Found a staircase to the Orcish Mines.
 16655 | D:12     | Reached XP level 12. HP: 66/66 MP: 28/34
 16659 | D:12     | Reached **** piety under Vehumet
 16879 | D:12     | Noticed a boulder beetle
 16881 | D:12     | Noticed a six-headed hydra
 16886 | D:12     | Gained mutation: Your spells are a little harder to cast,
                  | but a little more powerful. [potion of mutation]
 16886 | D:12     | Gained mutation: Your magical capacity is low. (-10% MP)
                  | [potion of mutation]
 16893 | D:12     | Killed from afar by a gargoyle

Illustrated notes

Levels and vault maps discovered:
D:1:      minmay_arrival_diagonal_passages, layout_loops_ring
D:2:      layout_loops_ring, minmay_tromino_v2, uniq_terence,
          uniq_crazy_yiuf_cottage
D:3:      minmay_door_path, layout_basic, lemuel_doored_altar,
          hangedman_glass_teeth, wander_ebering_terrifying_dragon_lair
D:4:      layout_layer_cave, mainiacjoe_overflow_small_starburst,
          nicolae_overflow_crystal_walls, fedhas_altar_2
D:5:      layout_basic, zin_academy, uniq_sigmund
D:6:      layout_basic, mainiacjoe_overflow_boulevard, minmay_temple_entry_tees,
          enter_ossuary_1, uniq_prince_ribbit1, uniq_eustachio
D:7:      layout_basic, mainiacjoe_overflow_catwalk_spiral,
          nicolae_ru_great_annihilating_truth, eino_tiny_chamber,
          grunt_decor_junction, grunt_ministairs_1, serial_bayou_lagoon_a
D:8:      layout_layer_cave
D:9:      layout_loops_ring, kennysheep_mini,
          mainiacjoe_overflow_concentric_impassable, dpeg_lair_monsters,
          minmay_lizard_king
D:10:     layout_basic, mainiacjoe_overflow_brackets,
          mainiacjoe_overflow_catwalk, uniq_harold
D:11:     layout_cave_pools, erik_orc_2, nicolae_trove_entry_isolated,
          uniq_nergalle
D:12:     layout_cave_pools, minmay_ruined_shrine
D:13:     layout_loops_ring, david_vaults_3, serial_shops, shop,
          nicolae_stop_n_shop_2, minmay_fractal_squares_5
Temple:   compressed_dpeg_triangle_lava_temple

Skill      XL: |  1  2  3  4  5  6  7  8  9 10 11 12 |
---------------+-------------------------------------+-----
Spellcasting   | 5 6 7 9 10 12 14 16 | 16.5
Fighting       | 1 2 4 |  4.3
Armour         | 1 2 4 5 |  5.0
Conjurations   | 2 3 4 5 7 8 9 |  9.8
Fire Magic     | 1 3 4 5 6 |  6.0
Dodging        | 3 |  3.0
Air Magic      | 1 |  1.0
Stealth        | 3 |  3.0
Poison Magic   | 1 |  1.0
Evocations     | 1 |  1.1
Summonings     | 2 3 4 5 7 |  7.0
Shields        | 1 2 |  2.0
Translocations | |  1.1

Action                   |  1- 3 |  4- 6 |  7- 9 | 10-12 || total
-------------------------+-------+-------+-------+-------++-------
Melee: Dagger            |     4 |       |       |       ||     4
       Quarterstaff      |       |    25 |    14 |       ||    39
       Whip              |       |       |    75 |   125 ||   200
 Cast: Magic Dart        |    79 |   110 |   154 |    22 ||   365
       Mephitic Cloud    |     1 |     9 |    16 |    50 ||    76
       Conjure Flame     |     1 |     1 |    36 |    47 ||    85
       Call Imp          |       |     3 |     4 |     8 ||    15
       Shock             |       |       |   160 |   213 ||   373
       Blink             |       |       |     5 |    20 ||    25
  Use: Scroll            |       |       |       |     4 ||     4
       Potion            |       |       |       |     2 ||     2
 Stab: Confused          |       |     1 |     9 |    15 ||    25
Armor: Robe              |     2 |     9 |       |       ||    11
       Leather armour    |       |    14 |     6 |       ||    20
       Acid dragon scale |       |       |    67 |   137 ||   204
Dodge: Dodged            |    14 |    31 |    78 |   101 ||   224

Table legend: (Time is in decaauts)
 A = Elapsed time spent in this place.
 B = Non-inter-level travel time spent in this place.
 C = Inter-level travel time spent in this place.
 D = Time resting spent in this place.
 E = Time spent auto-exploring this place.
 F = Levels seen in this place.
 G = Mean time per level.
                   A        B        C        D        E       F      G
               +--------+--------+--------+--------+--------+-----+--------+
         Total |  16964 |  16352 |    612 |   1177 |  12196 |  15 | 1130.9 |
       Dungeon |  15971 |  15359 |    612 |   1177 |  11448 |  13 | 1228.5 |
        Temple |     25 |     25 |      0 |      0 |      0 |   1 |   25.0 |
       Ossuary |    966 |    966 |      0 |      0 |    748 |   1 |  966.0 |
               +--------+--------+--------+--------+--------+-----+--------+

Top non-repeatable levels by time:
     D:4: 1872 daAuts
     D:8: 1726 daAuts
     D:7: 1596 daAuts
    D:10: 1369 daAuts
     D:1: 1339 daAuts
     D:2: 1313 daAuts
     D:9: 1288 daAuts
    D:11: 1283 daAuts
     D:5: 1268 daAuts
     D:3: 1254 daAuts
     D:6: 1248 daAuts
 Ossuary: 966 daAuts
    D:12: 408 daAuts
  Temple: 25 daAuts
    D:13: 2 daAuts
